 Dungeon Crawl Stone Soup version 0.24-a0-408-gcc1054c7ca (webtiles) character file.

Game seed: 5373245027523392933

51 Fanghorn the Grave Robber (level 3, -2/25 HPs)
             Began as a Mummy Necromancer on June 5, 2019.
             Slain by a gnoll
             ... wielding a +0 club
              (5 damage)
             ... on level 2 of the Dungeon.
             The game lasted 00:04:14 (1303 turns).

Fanghorn the Grave Robber (Mummy Necromancer)       Turns: 1303, Time: 00:04:14

Health: -2/25      AC:  2    Str: 11    XL:     3   Next: 57%
Magic:  0/8        EV: 12    Int: 15    God:
Gold:   75         SH:  0    Dex: 12    Spells: 8/9 levels left

rFire    x . .     SeeInvis .   (no weapon)
rCold    + . .     Gourm    .   (no shield)
rNeg     + + +     Faith    .   a - +0 robe
rPois    ∞         Spirit   .   (no helmet)
rElec    .         Reflect  .   (no cloak)
rCorr    .         Harm     .   (no gloves)
MR       .....                  (no boots)
Stlth    ++........             (no amulet)
HPRegen  0.08/turn              (no ring)
MPRegen  0.11/turn              (no ring)

@: no status effects
A: no food or potions, fire vulnerability, cold resistance 1, negative energy
resistance 3, torment resistance, unbreathing
a: no special abilities


You were on level 2 of the Dungeon.
You were not hungry.

You visited 1 branch of the dungeon, and saw 2 of its levels.

You collected 75 gold pieces.

Inventory:

Missiles
 f - 9 poisoned darts (quivered)
 i - a throwing net
Armour
 a - a +0 robe (worn)
 e - a +0 leather armour
Jewellery
 c - an uncursed amulet of harm {unknown}
Scrolls
 b - a scroll of enchant weapon {unknown}
 d - a scroll of immolation {unknown}
 g - a scroll of noise {unknown}
 h - 2 scrolls of amnesia {unknown}


   Skills:
 + Level 0.9 Fighting
 + Level 1.5 Dodging
 + Level 1.5 Stealth
 * Level 3.6 Spellcasting
 * Level 4.7 Necromancy


You had 8 spell levels left.
You knew the following spells:

 Your Spells              Type           Power        Failure   Level  Hunger
a - Pain                  Necr           ###.         2%          1    N/A

Your spell library contained the following spells:

 Spells                   Type           Power        Failure   Level  Hunger
 Animate Skeleton         Necr           N/A          2%          1    N/A
 Vampiric Draining        Necr           ###.......   8%          3    N/A
 Animate Dead             Necr           N/A          26%         4    N/A
 Regeneration             Chrm/Necr      Unusable     N/A         3    N/A

Dungeon Overview and Level Annotations

Branches:
Dungeon (2/15)

Altars:


Innate Abilities, Weirdness & Mutations

You do not eat or drink.
Your flesh is vulnerable to fire.
You are immune to poison.
Your flesh is cold resistant. (rC+)
You are immune to negative energy. (rN+++)
You are immune to unholy pain and torment.
You can survive without breathing.


Message History

Aiming: Pain (safe; 2% risk of failure)
Press: ? - help, Shift-Dir - straight line, f/p - gnoll
Aim: a gnoll, wielding a +0 club (chance to defeat MR: 82%)
The gnoll writhes in agony.
The gnoll barely misses you. The gnoll hits you with a +0 club.
The gnoll closely misses you.
Casting: Pain (safe; 2% risk of failure)
Confirm with . or Enter, or press ? or * to list all spells.
Aiming: Pain (safe; 2% risk of failure)
Press: ? - help, Shift-Dir - straight line, f - gnoll, p - gnoll
Aim: a gnoll, wielding a +0 club (severely wounded, chance to defeat MR: 82%)
The gnoll barely resists.
The gnoll barely misses you. x2
The gnoll hits you with a +0 club.
You closely miss the gnoll.
The gnoll is severely wounded.
The gnoll hits you. The gnoll hits you with a +0 club.
* * * LOW HITPOINT WARNING * * *
The gnoll hits you with a +0 club.
* * * LOW HITPOINT WARNING * * *
The gnoll hits you with a +0 club.
You die...

#.#####...##.# #.#...#
#............####.##.##
#######....<......†).#
#..gg.g.########.##.#
#.#####g# #......##.#
#.# #.###.#######.# #g#
#.....#######.# #g#
###†..........# #.#
#@g........)..#
#.#####g#.#>######..#
#......g#.#.#
####..#### #########.#
# #......... #)#
####..#### #.#
###..#### #.# #<.......
.# ###..#### #..#


You could see 3 gnolls.

Vanquished Creatures
  An adder (D:2)
  A gnoll (D:2)
  An ooze (D:2)
  A worm (D:2)
  2 leopard geckos
  2 ball pythons (D:2)
  3 bats (D:1)
  A giant cockroach (D:1)
  3 goblins
  2 hobgoblins (D:1)
  A kobold (D:2)
  2 frilled lizards (D:1)
  4 rats
24 creatures vanquished.

Notes
Turn   | Place    | Note
-------+----------+-------------------------------------------
     0 | D:1      | Fanghorn the Mummy Necromancer began the quest for the Orb.
     0 | D:1      | Reached XP level 1. HP: 13/13 MP: 4/4
   287 | D:1      | Reached XP level 2. HP: 18/19 MP: 3/6
  1024 | D:2      | Reached XP level 3. HP: 9/24 MP: 1/8
  1303 | D:2      | Slain by a gnoll

Levels and vault maps discovered:
D:1:      lightli_arrival_chessboard, layout_loops_cross, serial_glass,
          glass_columns_b, glass_columns_c, glass_columns_b, glass_columns_a,
          glass_columns_c, glass_columns_a
D:2:      layout_loops_ring, gammafunk_temple_overflow_elements, first_ration,
          minmay_misc_feat_nine_boxes, supply_closet_lemuel

Skill      XL: |  1 |
---------------+----+-----
Spellcasting   | 3 |  3.6
Fighting       | |  0.9
Dodging        | |  1.5
Stealth        | |  1.5
Necromancy     | |  4.7

Action                   || total
-------------------------++-------
Melee: Unarmed           ||     1
 Cast: Pain              ||    61
Armor: Robe              ||     1
Dodge: Dodged            ||    18

Table legend:
 A = Non-vault XP
 B = Vault XP
 C = Vault XP percentage of total XP
 D = Non-vault monster count
 E = Vault monster count
 F = Vault count percentage of total count
                 A         B        C        D         E       F
            +---------+---------+-------+---------+---------+-------
      Total |      73 |       0 |   0.0 |      24 |       0 |   0.0
            +---------+---------+-------+---------+---------+-------
        D:1 |      21 |       0 |   0.0 |      13 |       0 |   0.0
        D:2 |      52 |       0 |   0.0 |      11 |       0 |   0.0
            +---------+---------+-------+---------+---------+-------
